 Dungeon Crawl Stone Soup version 0.23.2-33-g5129a83184 (webtiles) character file.

Game seed: 17583656265404005585

160 Iceshard the Magician (level 5, -4/35 HPs)
             Began as a Mummy Wizard on July 22, 2019.
             Slain by a wraith (13 damage)
             ... in an ossuary.
             The game lasted 00:27:01 (3305 turns).

Iceshard the Magician (Mummy Wizard)                Turns: 3305, Time: 00:27:01

Health: -4/35      AC:  2    Str: 10    XL:     5   Next: 17%
Magic:  10/12      EV: 13    Int: 18    God:
Gold:   122        SH:  0    Dex: 11    Spells: 5/14 levels left

rFire    x . .     SeeInvis .   i - +0 short sword (drain)
rCold    + + .     Gourm    .   (no shield)
rNeg     + + +     Faith    .   a - +0 robe
rPois    ∞         Spirit   .   b - +0 hat
rElec    .         Reflect  .   (no cloak)
rCorr    .         Harm     .   (no gloves)
MR       .....                  (no boots)
Stlth    ++........             (no amulet)
HPRegen  0.11/turn              f - ring of protection from cold
MPRegen  0.13/turn              (no ring)

@: slowed, very slow
A: no food or potions, fire vulnerability, cold resistance 1, negative energy
resistance 3, torment resistance, unbreathing
a: no special abilities


You were in an ossuary.
You were not hungry.

You visited 1 branch of the dungeon, and saw 4 of its levels.
You also visited: Ossuary.

You collected 122 gold pieces.

Inventory:

Hand Weapons
 i - a +0 short sword of draining (weapon)
Armour
 a - a +0 robe (worn)
 b - a +0 hat (worn)
 d - a +0 ring mail
Magical Staves
 h - an uncursed staff of poison
Jewellery
 f - a ring of protection from cold (left hand)
Wands
 j - a wand of paralysis (10)
Scrolls
 c - a scroll of immolation {unknown}
 e - 5 scrolls of remove curse
 g - a scroll of blinking
 k - a scroll of teleportation
 l - a scroll of noise {unknown}
 m - a scroll of magic mapping {unknown}
 n - a scroll of identify {unknown}


   Skills:
 + Level 2.8 Dodging
 - Level 1.5 Stealth
 + Level 5.3 Spellcasting
 + Level 2.4 Conjurations
 - Level 0.7 Summonings
   Level 0.7 Translocations


You had 5 spell levels left.
You knew the following spells:

 Your Spells              Type           Power        Failure   Level  Hunger
a - Magic Dart            Conj           ##..         4%          1    N/A
b - Call Imp              Summ           #.......     14%         2    N/A
c - Mephitic Cloud        Conj/Pois/Air  #.......     28%         3    N/A
d - Conjure Flame         Conj/Fire      #.......     24%         3    N/A

Your spell library contained the following spells:

 Spells                   Type           Power        Failure   Level  Hunger
 Blink                    Tloc           N/A          14%         2    N/A
 Slow                     Hex            #.......     21%         2    N/A

Dungeon Overview and Level Annotations

Branches:
Dungeon (4/15)
 Temple: D:4-7

Altars:
Ashenzari

Annotations:
D:3 Robin


Innate Abilities, Weirdness & Mutations

You do not eat or drink.
Your flesh is vulnerable to fire.
You are immune to poison.
Your flesh is cold resistant. (rC+)
You are immune to negative energy. (rN+++)
You are immune to unholy pain and torment.
You can survive without breathing.


Message History

Confirm with . or Enter, or press ? or * to list all spells.
Aiming: Magic Dart (safe; 4% risk of failure)
Press: ? - help, Shift-Dir - straight line, f - wraith
Aim: a wraith (lightly damaged)
The magic dart hits the wraith but does no damage.
The wraith is lightly damaged.
Your white imp barely misses the wraith.
The wraith closely misses you.
Your white imp hits the wraith but does no damage.
The wraith hits you!
* * * LOW HITPOINT WARNING * * *
The wraith drains your vigour!
You feel as though you will be slow longer.
You open the door.
Your white imp hits the wraith.
Your white imp freezes the wraith.
The wraith resists.
The wraith hits you.
* * * LOW HITPOINT WARNING * * *
8 skeletons come into view.
Your white imp hits the wraith.
Your white imp freezes the wraith.
The wraith resists.
Your white imp misses the wraith.
The wraith hits you!
You die...

#Z.Z. #.∩.. #Z...
####+ #..Z. ##.... ..
#.... ##...#####..
#....##...##...##.
#....#...##.?!..## .
#....@W..'.?.?.!.# ..
#....#.5.##..??.##...
#....##...##...##...#
#.... ##...#####...#
#...Z .##.........# .
#Z... ..#####'#####..
#Z∩.. ...............
#..Z. ...............
######'''######


You could see a wraith, 3 kobold skeletons, 5 orc skeletons and a friendly white
imp.

Vanquished Creatures
  A scorpion (D:4)
  An adder (D:2)
  An ooze (D:1)
  2 dart slugs (D:1)
  An orc (D:3)
  2 ball pythons
  8 bats
  3 giant cockroaches
  11 goblins
  11 hobgoblins
  3 jackals (D:3)
  4 frilled lizards
  A gnoll skeleton (Ossuary)
  8 kobolds
  2 rats
59 creatures vanquished.

Vanquished Creatures (collateral kills)
  A mummy (Ossuary)
  An adder (D:2)
  2 worms (D:2)
  A dart slug (D:1)
  A leopard gecko (D:1)
  A giant cockroach (D:3)
  A hobgoblin (D:2)
  4 kobold skeletons (Ossuary)
  4 orc skeletons (Ossuary)
  A rat (D:1)
17 creatures vanquished.

Grand Total: 76 creatures vanquished

Notes
Turn   | Place    | Note
-------+----------+-------------------------------------------
     0 | D:1      | Iceshard the Mummy Wizard began the quest for the Orb.
     0 | D:1      | Reached XP level 1. HP: 13/13 MP: 5/5
    77 | D:1      | Reached skill level 1 in Conjurations
   223 | D:1      | Reached XP level 2. HP: 18/19 MP: 2/7
   227 | D:1      | Learned a level 2 spell: Call Imp
   230 | D:1      | Learned a level 2 spell: Blink
   721 | D:1      | Reached XP level 3. HP: 19/24 MP: 2/9
  1532 | D:2      | Found a shattered altar of Ashenzari.
  1670 | D:3      | Reached XP level 4. HP: 30/30 MP: 5/10
  1980 | D:3      | Learned a level 3 spell: Mephitic Cloud
  1986 | D:3      | Learned a level 3 spell: Conjure Flame
  2112 | D:3      | Noticed Robin
  2157 | D:3      | Noticed an ogre
  2161 | D:3      | HP: 1/30 [bat (1)]
  2167 | D:3      | Reached skill level 5 in Spellcasting
  2654 | D:4      | Reached XP level 5. HP: 24/35 MP: 3/12
  2855 | D:4      | Found a sand-covered staircase.
  2863 | Ossuary  | Entered an ossuary
  2863 | Ossuary  | Noticed a wraith
  2863 | Ossuary  | Noticed a wraith
  2863 | Ossuary  | Noticed a wraith
  3295 | Ossuary  | Noticed a wraith
  3305 | Ossuary  | Slain by a wraith

Skill      XL: |  1  2  3  4 |
---------------+-------------+-----
Conjurations   | 1 2 |  2.4
Dodging        | 2 |  2.8
Spellcasting   | 5 |  5.3
Stealth        | |  1.5
Summonings     | |  0.7
Translocations | |  0.7

Action                   |  1- 3 |  4- 6 || total
-------------------------+-------+-------++-------
Melee: Dagger            |    31 |       ||    31
       Short sword       |    10 |    28 ||    38
 Cast: Magic Dart        |    87 |    54 ||   141
       Call Imp          |     5 |    11 ||    16
       Mephitic Cloud    |       |     1 ||     1
  Use: Scroll            |     4 |     5 ||     9
 Stab: Confused          |       |     1 ||     1
Armor: Robe              |     9 |     2 ||    11
       Ring mail         |       |    22 ||    22
Dodge: Dodged            |    42 |    57 ||    99
